Map: Triton LE

Players

ViBE - Winner!

  • Race: Terran Terran
  • League: Gold
  • Spawn Location: 11:00

Atomos

  • Race: Terran Terran
  • League: Platinum
  • Spawn Location: 5:00

VOD

Have the link to the VOD?

Description

Time

  • Played on: Dec. 8, 2019, 8:24 p.m.
  • Length: 21:06
Show
View Real Time Build Order
Export as new Build Order

ViBE Terran - Winner!

Build Orders: 2 Factory, Mech 

Get SALT Encoding   

  12  0:01  SCV  
  13  0:13  SCV  
  14  0:17  Supply Depot  
  14  0:25  SCV  
  15  0:39  SCV  
  15  0:42  Barracks  
  16  0:46  Refinery  
  16  0:51  SCV  
  17  1:03  SCV  
  18  1:15  SCV  
  19  1:29  Orbital Command  
  19  1:44  Command Center  
  19  1:53  Factory  
  19  1:56  SCV  
  20  2:09  Refinery  
  20  2:11  SCV  
  21  2:18  Supply Depot  
  21  2:22  Barracks Tech Lab  
  21  2:23  SCV  
  22  2:35  SCV  
  23  2:40  Factory  
  23  2:47  SCV  
  23  2:56  Siege Tank  
  26  2:59  SCV  
  26  3:00  Orbital Command  
  27  3:05  Barracks Reactor  
  27  3:11  SCV  
  28  3:23  SCV  
  29  3:32  Supply Depot, Siege Tank  
  32  3:35  SCV  
  32  3:40  SCV  
  34  3:47  SCV  
  35  3:52  SCV  
  36  3:57  Hellion x2  
  36  4:00  SCV  
  36  4:01  Supply Depot  
  41  4:04  SCV  
  41  4:06  Siege Tank  
  45  4:12  SCV  
  45  4:16  SCV  
  47  4:21  Hellion x2  
  47  4:24  SCV  
  52  4:26  Supply Depot  
  52  4:28  SCV  
  52  4:30  Command Center  
  53  4:36  SCV  
  54  4:40  SCV  
  55  4:47  Siege Tank, Hellion x2  
  55  4:48  SCV  
  55  4:51  Armory  
  63  4:53  SCV  
  63  4:58  Supply Depot  
  64  5:00  SCV  
  64  5:05  SCV  
  66  5:09  Engineering Bay  
  66  5:12  SCV  
  67  5:15  Refinery  
  67  5:16  Refinery  
  67  5:17  SCV  
  71  5:24  SCV  
  71  5:27  Supply Depot  
  72  5:29  SCV  
  72  5:33  Hellion  
  72  5:34  Hellion  
  74  5:36  SCV  
  74  5:41  Missile Turret x2, SCV  
  76  5:43  Orbital Command  
  76  5:48  Thor, SCV  
  76  5:49  Supply Depot  
  83  6:06  Hellion x2  
  87  6:18  SCV x2  
  89  6:20  Terran Vehicle Weapons Level 1  
  89  6:21  Command Center  
  89  6:23  Armory  
  89  6:29  Hellion  
  89  6:30  SCV x2  
  89  6:31  Thor  
  89  6:32  Hellion  
  101  6:33  Orbital Command  
  101  6:46  SCV x2  
  101  6:50  Hellion  
  101  6:53  Hellion  
  103  6:58  SCV  
  103  6:59  SCV  
  104  7:08  Supply Depot  
  104  7:09  Supply Depot x2  
  104  7:10  Supply Depot x2  
  104  7:23  Thor, SCV x3, Hellion  
  104  7:24  Hellion  
  104  7:28  Terran Vehicle And Ship Armor Level 1  
  117  7:35  SCV x2  
  120  7:41  Command Center  
  119  7:46  SCV  
  119  7:47  SCV x2  
  119  7:50  Missile Turret  
  122  7:53  Refinery  
  122  7:54  Refinery  
  122  8:00  Planetary Fortress  
  122  8:02  SCV x2  
  124  8:06  Hellion x2  
  124  8:09  Thor  
  124  8:11  Missile Turret  
  134  8:24  SCV x2  
  134  8:25  SCV  
  137  8:36  SCV x2  
  137  8:37  SCV x2  
  137  8:39  Refinery  
  141  8:43  Terran Vehicle Weapons Level 2, Refinery, Hellion x2  
  141  8:48  SCV  
  146  8:49  Factory  
  146  8:50  Factory  
  146  8:51  Factory  
  146  8:52  Thor, SCV x3, Factory  
  146  8:54  Supply Depot  
  155  9:00  Command Center  
  155  9:05  SCV x3  
  155  9:06  SCV  
  159  9:15  Neosteel Armor  
  159  9:17  Smart Servos  
  159  9:26  Terran Vehicle And Ship Armor Level 2  
  159  9:29  SCV x2  
  159  9:30  SCV x2  
  163  9:34  Planetary Fortress  
  163  9:41  SCV  
  164  9:47  Missile Turret  
  164  9:48  Refinery  
  164  9:50  Refinery  
  164  10:02  Factory Tech Lab x2  
  164  10:03  Factory Tech Lab, Factory Reactor  
  164  10:06  Thor, Hellion  
  164  10:07  Hellion  
  174  10:23  Command Center  
  174  10:24  Thor x2  
  174  10:25  Thor  
  192  10:35  Infernal Pre-Igniter, Hellbat  
  196  10:42  Hellbat x3  
  200  10:55  Hi-Sec Auto Tracking  
  200  11:08  Factory x2  
  200  11:09  Factory  
  200  11:10  Factory x2  
  200  11:14  Factory  
  200  11:15  Factory  
  200  11:16  Factory x2  
  200  11:23  Factory  
  200  11:25  Factory  
  198  11:36  SCV  
  198  11:37  SCV  
  200  11:44  Command Center  
  200  12:02  Factory Tech Lab x2  
  200  12:03  Factory Tech Lab, Factory Reactor  
  200  12:04  Factory Reactor  
  200  12:06  Factory Tech Lab x2, Factory Reactor x2  
  200  12:17  Command Center  
  200  12:18  Command Center  
  200  12:22  Command Center  
  200  12:24  Command Center  
  200  12:25  Command Center  
  200  12:27  Command Center  
  200  12:30  Terran Vehicle And Ship Armor Level 3, Terran Vehicle Weapons Level 3  
  200  12:38  Factory Tech Lab  
  200  12:40  Planetary Fortress  
  200  12:47  Factory Tech Lab  
  200  12:59  Command Center  
  200  13:11  Planetary Fortress  
  200  13:16  Missile Turret  
  200  13:18  Missile Turret  
  182  13:20  Missile Turret  
  182  13:26  Thor x4  
  182  13:27  Thor x2  
  176  13:28  Hellion x2  
  166  13:37  Thor  
  166  13:41  Orbital Command x2  
  152  13:42  Orbital Command  
  152  13:45  Orbital Command  
  152  13:48  Orbital Command  
  128  13:49  Orbital Command  
  128  13:53  Thor  
  134  13:57  Thor  
  134  14:00  Thor  
  148  14:05  Hellbat x4  
  148  14:06  Hellbat  
  148  14:08  Hellbat  
  158  14:11  Planetary Fortress  
  158  14:14  Hellbat  
  158  14:15  Hellbat x4  
  168  14:22  Thor x2  
  180  14:25  Thor  
  186  14:48  Factory Tech Lab, Orbital Command  
  186  14:56  Thor x2  
  186  14:57  Hellbat  
  200  15:25  Sensor Tower  
  200  15:31  Sensor Tower  
  200  15:32  Sensor Tower  
  200  15:34  Sensor Tower  
  198  15:36  Refinery  
  198  15:37  Refinery  
  198  15:41  Refinery x2  
  176  15:44  Thor x5, Orbital Command  
  176  15:45  Thor, Refinery  
  176  15:48  Refinery  
  176  15:49  Thor  
  196  15:50  Hellbat x2  
  196  15:54  Thor  
  196  15:56  Hellbat  
  176  16:19  Thor  
  176  16:20  Thor x2, Hellbat  
  176  16:21  Hellbat x2  
  198  16:52  Hellbat  
  200  17:01  Orbital Command  
  168  17:52  Thor  
  168  17:53  Thor x5  
  168  17:54  Hellbat  
  176  18:00  Thor  
  176  18:01  Thor x5  
  176  18:02  Hellbat x2  
  176  18:03  Hellbat  
  176  18:04  Hellbat x6  
  194  18:15  Hellbat  
  196  18:24  Command Center, Hellbat  
  195  18:43  Hellbat  
  195  18:47  Command Center  
  197  18:54  Refinery  
  197  19:17  Factory x2  
  197  19:18  Factory  
  197  19:19  Factory  
  197  19:20  Factory  
  193  19:47  Thor  
  177  19:54  Command Center  
  159  20:03  Thor x7  
  159  20:04  Thor  
  159  20:05  Factory Tech Lab x5  
  195  20:07  Hellbat x2  
  195  20:14  Planetary Fortress  
  199  20:22  Sensor Tower  
  199  20:24  SCV  
  198  20:32  Hellbat x2  
Show
View Real Time Build Order
Export as new Build Order

Atomos Terran 

Build Orders: Mech 

Get SALT Encoding   

  12  0:01  SCV  
  13  0:13  SCV  
  14  0:19  Supply Depot  
  14  0:29  SCV  
  15  0:44  SCV  
  15  0:48  Barracks  
  16  0:51  Refinery  
  16  1:15  SCV  
  17  1:29  SCV  
  18  1:39  Marine  
  19  1:41  Orbital Command  
  19  1:47  Supply Depot  
  19  1:57  Refinery  
  19  2:05  Marine  
  20  2:12  SCV  
  20  2:14  Factory  
  21  2:24  SCV  
  21  2:28  Engineering Bay  
  22  2:35  Marine  
  22  2:36  SCV  
  24  2:48  SCV  
  25  3:03  Factory Tech Lab  
  25  3:06  Starport  
  25  3:09  SCV  
  26  3:20  Marine  
  26  3:21  SCV  
  26  3:25  Siege Tank  
  31  3:38  Command Center  
  31  3:40  Supply Depot  
  31  3:41  SCV  
  31  3:42  Supply Depot  
  31  3:45  Starport Tech Lab  
  31  3:49  Fusion Core  
  31  4:01  Marine  
  31  4:02  SCV  
  33  4:11  Siege Tank  
  36  4:26  SCV  
  37  4:32  Reaper  
  38  4:49  Siege Tank  
  38  4:50  Orbital Command  
  41  4:57  Command Center  
  41  5:05  SCV  
  42  5:24  Battlecruiser  
  48  5:32  Engineering Bay  
  48  5:40  SCV  
  48  5:51  Orbital Command  
  48  5:52  SCV  
  49  6:12  Factory  
  49  6:14  SCV  
  49  6:16  Factory  
  50  6:20  SCV  
  51  6:32  SCV  
  52  6:44  SCV  
  53  6:48  SCV  
  54  6:57  SCV  
  55  7:12  Factory Tech Lab x2  
  55  7:20  Raven  
  57  7:23  Factory  
  57  7:24  SCV x2  
  57  7:25  Factory  
  57  7:27  Refinery  
  59  7:32  Refinery  
  59  7:36  SCV  
  60  7:43  Armory  
  60  7:57  SCV  
  60  7:58  SCV  
  62  7:59  Orbital Command  
  62  8:08  Hellion  
  62  8:09  Hellion  
  62  8:10  SCV  
  62  8:11  Siege Tank x2  
  73  8:21  SCV  
  73  8:22  SCV  
  75  8:36  SCV x2  
  75  8:37  Armory  
  77  8:47  Drilling Claws  
  77  8:49  Factory Reactor  
  77  8:51  Factory Reactor  
  77  9:06  Command Center  
  77  9:11  Supply Depot  
  77  9:12  Supply Depot  
  77  9:13  Supply Depot x2  
  77  9:16  Supply Depot  
  77  9:18  Supply Depot x2  
  77  9:20  Supply Depot  
  77  9:32  Thor  
  77  9:33  SCV x3  
  77  9:34  Thor x2, Hellbat x3  
  77  9:35  Hellbat  
  106  9:45  SCV x3  
  109  9:56  Missile Turret  
  109  9:57  SCV x2  
  111  10:00  Hellbat x2  
  111  10:01  Hellbat  
  111  10:04  Terran Vehicle Weapons Level 1  
  112  10:09  SCV  
  112  10:11  Supply Depot, Hellbat  
  112  10:12  Refinery  
  112  10:14  Terran Vehicle And Ship Armor Level 1  
  115  10:15  Thor  
  115  10:17  Refinery  
  121  10:27  Orbital Command  
  121  10:32  Refinery  
  121  10:35  Supply Depot  
  121  10:38  SCV x2  
  123  10:47  Hellbat x3  
  123  10:48  Hellbat  
  131  10:50  SCV  
  131  10:53  SCV  
  131  10:54  SCV  
  131  10:56  Thor  
  140  10:59  Supply Depot  
  140  11:31  SCV x3  
  143  11:36  Refinery  
  137  11:45  Thor x3  
  137  11:46  Hellbat x3  
  137  11:47  Hellbat  
  163  11:58  Factory  
  163  12:06  SCV x2  
  161  12:28  Hellbat x2  
  161  12:29  Terran Vehicle Weapons Level 2  
  165  12:30  Terran Vehicle And Ship Armor Level 2  
  165  12:35  Command Center  
  165  12:42  SCV  
  165  12:43  Factory  
  165  12:44  Hellbat  
  165  12:45  Command Center  
  165  12:46  Command Center  
  165  12:47  Hellbat  
  165  12:51  Thor  
  161  13:14  Supply Depot x2  
  161  13:15  Supply Depot  
  125  13:33  Hellbat x2  
  117  13:34  Hellbat  
  117  13:35  Raven, Thor, Hellbat  
  117  13:36  Thor, Hellbat  
  128  13:50  SCV x2  
  130  13:59  Factory Tech Lab x2  
  130  14:00  Hellbat x2  
  130  14:01  Hellbat x2  
  130  14:02  SCV  
  139  14:09  Supply Depot  
  139  14:10  Supply Depot  
  139  14:12  Supply Depot  
  139  14:15  Orbital Command  
  139  14:19  SCV  
  139  14:23  Orbital Command  
  140  14:29  Planetary Fortress  
  140  14:40  Refinery  
  140  14:41  Hellbat x2  
  140  14:42  Refinery  
  144  14:51  SCV x3  
  144  14:52  SCV  
  148  14:56  Hellbat  
  148  14:59  Smart Servos  
  150  15:02  Infernal Pre-Igniter  
  150  15:03  SCV  
  151  15:16  Thor x2, Hellbat x3  
  151  15:20  SCV x4  
  173  15:26  Hi-Sec Auto Tracking  
  159  15:42  Thor x2, Hellbat x4  
  115  16:07  Hellbat  
  115  16:08  Hellbat  
  113  16:16  Hellbat x2  
  113  16:17  Hellbat  
  104  16:22  SCV x4  
  104  16:24  Thor x2  
  116  16:54  Thor, Hellbat x2  
  116  16:55  Command Center x2, Hellbat  
  116  16:56  SCV x2  
  116  16:57  SCV x2  
  132  17:08  SCV  
  132  17:09  SCV x2  
  135  17:17  Hellbat x4  
  135  17:19  Terran Vehicle And Ship Armor Level 3  
  135  17:22  SCV x2  
  145  17:23  SCV  
  145  17:27  Siege Tank  
  149  17:35  SCV x2  
  149  17:36  SCV x2  
  153  17:38  Refinery  
  129  17:57  SCV x4  
  127  17:58  Thor  
  127  17:59  Thor x2  
  127  18:00  Hellbat x4  
  152  18:24  Starport  
  152  18:26  Starport  
  152  18:29  Starport  
  148  18:55  Terran Ship Weapons Level 1  
  148  18:59  SCV x3  
  151  19:04  Orbital Command  
  151  19:05  SCV x2  
  153  19:11  SCV x2  
  153  19:12  Refinery  
  153  19:14  Refinery  
  153  19:15  Starport Tech Lab x3  
  153  19:16  Battlecruiser  
  161  19:25  Starport  
  161  19:26  Orbital Command  
  93  20:00  Thor, Hellbat x2  
  93  20:01  Thor x2, Hellbat x2  
  101  20:20  Starport Tech Lab  
Tags
 
Composition
MechMech
Matchup
TvT
Opening
2 Factory
Race
Terran
Spawn Locations
Cross Positions
Add a new tag
Caveats
  • Supply blocks, unpowered buildings, or Contaminate may cause inaccurate times.
  • Supply counts are checked every 10 seconds.